[Event "Ceske Budejovice IM 2022"]
[Site "Ceske Budejovice"]
[Date "2022.07.05"]
[Round "5.3"]
[White "Civin, Tomas"]
[Black "Nagy, Ladislav"]
[Result "1/2-1/2"]
[ECO "E04"]
[WhiteElo "2419"]
[BlackElo "2209"]
[Annotator "TA"]
[PlyCount "84"]
[EventDate "2022.07.01"]
[EventType "tourn"]
[EventCountry "CZE"]
[SourceTitle "playchess.com"]
[Source "ChessBase"]
[SourceQuality "1"]
[TimeControl "40/5400+30:1800+30"]

1. d4 Nf6 2. c4 e6 3. g3 d5 4. Bg2 dxc4 5. Nf3 Nc6 6. Qa4 Bb4+ 7. Bd2 Nd5 8. Qb5 {[%emt 0:00:30] E04: Open Catalan: 5 Nf3.} Bxd2+ 9. Nbxd2 c3 10. bxc3 Nxc3 11. Qd3 Nd5 12. O-O O-O 13. Rfc1 Nce7 14. Rab1 a5 15. a3 {[%emt 0:08:21] [#]} Ra7 $146 ({Predecessor:} 15... c6 16. Ne5 Ra7 17. e4 Nf6 18. Qc3 Nd7 19. Nec4 b5 20. Ne3 Ba6 21. Nb3 a4 {0-1 (57) Barp,A (2384)-Lamaze,S (2369) Chess.com INT 2022}) 16. e4 Nf6 17. Qc3 ({Reject} 17. e5 Nfd5 $15) 17... b6 18. Ne5 Nd7 19. Nd3 Ba6 20. Nc4 Bb7 21. Ne3 Ba8 22. Rb2 Nf6 23. f3 Nc6 24. Nc2 Qe7 25. Nf2 Rd8 26. Rd1 Qe8 27. Bf1 Ne7 28. Ne3 Bc6 29. Rc1 Raa8 30. Nc4 Nd7 31. Nd3 Rac8 32. Nf4 Ba8 33. Qe3 Ng6 34. Nd3 Nb8 35. Nde5 Nc6 36. Nxc6 Bxc6 37. h4 h6 38. h5 Nf8 39. Ne5 Bb7 40. Bb5 Qe7 (40... c6 $5 41. Be2 b5 $15) 41. Bc6 Ba6 42. Ba4 Bb7 {[%emt 0:03:00] An even fight not without its subleties.  Weighted Error Value: White=0.06 (flawless) /Black=0.05 (flawless)} 1/2-1/2

[Event "Ceske Budejovice IM 2022"]
[Site "Ceske Budejovice"]
[Date "2022.07.05"]
[Round "5.4"]
[White "Plischki, Sebastian"]
[Black "Dev, Shah"]
[Result "1/2-1/2"]
[ECO "D02"]
[WhiteElo "2384"]
[BlackElo "2292"]
[Annotator "TA"]
[PlyCount "116"]
[EventDate "2022.07.01"]
[EventType "tourn"]
[EventCountry "CZE"]
[SourceTitle "playchess.com"]
[Source "ChessBase"]
[SourceQuality "1"]
[TimeControl "40/5400+30:1800+30"]

1. d4 d5 2. Nf3 Nf6 3. g3 Bf5 4. Bg2 e6 5. c4 c6 6. Nc3 h6 7. Qb3 {[%emt 0:00:33] D11: Slav Defence: 3 Nf3 sidelines and 3...Nf6 4 e3 Bg4.} Qb6 8. c5 Qxb3 9. axb3 Be7 10. b4 {[%emt 0:00:23] 10.h3 gains popularity.} O-O 11. Bf4 a6 12. h3 {[%emt 0:02:57] [#]} g5 $146 ({Predecessor:} 12... Bh7 13. g4 Ne4 14. Ne5 f6 15. Nd3 Nd7 16. f3 Ng5 17. e4 e5 18. Be3 Ne6 {0-1 (46) Liess,A (1915)-Ludvik,T (2212) Pardubice 2021}) 13. Be5 Nbd7 14. g4 Bg6 15. Bh2 Ne4 16. Nd2 (16. e3 $11) 16... Nxd2 $17 17. Kxd2 f5 (17... e5 {looks sharper.} 18. e3 exd4 19. exd4 Bf6) 18. gxf5 $1 Rxf5 19. Rhf1 Raf8 20. Bg3 R5f7 21. e3 Nf6 (21... Bf6 $17) 22. Ke2 (22. f3 $11 {keeps the balance.}) 22... Ne4 (22... Nh5 $17 {[%cal Oh5f4] Hoping for ...Nf4+!} 23. Be5 Bf6) 23. Nxe4 $11 dxe4 24. b5 (24. Rg1 $11) 24... cxb5 25. c6 (25. Ke1 $11) 25... Bh5+ $1 $17 (25... bxc6 $6 26. Rxa6 Bh5+ 27. Kd2 $15) 26. Kd2 Bb4+ (26... bxc6 27. Bxe4 a5 28. Bxc6 $14) 27. Kc2 bxc6 (27... Be2 $17 28. Rfc1 bxc6 29. Bxe4 a5) 28. Bxe4 $11 Bf3 29. Kd3 a5 30. Bxf3 Rxf3 31. Rfc1 Rc8 32. Rc2 Rf5 33. Ke2 h5 ({Black should play} 33... Rd5 $11) 34. Rac1 $14 Rcf8 ({Black should try} 34... c5 $14) 35. h4 (35. Rxc6 $16 h4 36. Be5 (36. e4 $2 R5f7 $19) 36... Rxf2+ 37. Kd3) 35... gxh4 36. Bxh4 e5 (36... Rc8 $1 $14) 37. dxe5 $1 $16 Rxe5 38. Rxc6 Rf7 {[%emt 0:02:22] [#]} (38... Re4 $16) 39. f4 $1 $18 Rd5 40. Bf6 Rd6 41. Be5 (41. Rc8+ $18 {has better winning chances.} Rf8 42. Bd4) 41... Rxc6 $16 42. Rxc6 {[%emt 0:00:07][%mdl 4096] Endgame Rg6+ is the strong threat. KRB-KRB} Rb7 (42... Rh7 $16 {was called for.}) 43. Kf3 Bf8 44. f5 {[%emt 0:01:27] White is more active.} a4 45. Ra6 $2 (45. e4 $18) 45... h4 $1 $11 46. Kg4 Bc5 47. Bf4 (47. f6 $5 ) 47... Re7 $2 {[%emt 0:04:37] [#]} (47... Rg7+ $11 {and Black has nothing to worry.} 48. Kf3 (48. Kxh4 Rg2 $16) 48... Ra7) 48. Kf3 $2 ({And not} 48. Kxh4 Bxe3 49. Bxe3 Rxe3 $11) (48. f6 $1 $18 Rh7 49. Rc6 (49. Ra5 h3 $11)) 48... h3 {[%emt 0:00:22] The position is equal.} 49. Rh6 Rh7 {[%emt 0:00:52] And now ...Rxh6 would win.} 50. Rc6 h2 51. Bxh2 Rxh2 52. Rxc5 Rxb2 {[%emt 0:00:02] Threatens to win with ...a3. KR-KR} 53. Rc8+ Kg7 54. Ra8 Kf6 55. Kf4 {[%emt 0:00:49] aiming for Ra6+.} Rf2+ 56. Ke4 a3 57. Ra6+ Kg5 58. Rxa3 Rxf5 {[%emt 0:00:09] Blacks defense is rewarded with a draw.  Weighted Error Value: White=0.27 (precise) /Black=0.24 (precise)} 1/2-1/2

[Event "Ceske Budejovice IM 2022"]
[Site "Ceske Budejovice"]
[Date "2022.07.05"]
[Round "5.5"]
[White "Svanda, Ondrej"]
[Black "Bochnicka, Vladimir"]
[Result "1/2-1/2"]
[ECO "A04"]
[WhiteElo "2363"]
[BlackElo "2295"]
[Annotator "TA"]
[PlyCount "50"]
[EventDate "2022.07.01"]
[EventType "tourn"]
[EventCountry "CZE"]
[SourceTitle "playchess.com"]
[Source "ChessBase"]
[SourceQuality "1"]
[TimeControl "40/5400+30:1800+30"]

1. Nf3 c5 2. c4 Nc6 3. g3 g6 4. Bg2 Bg7 5. O-O e5 6. Nc3 d6 7. Ne1 Be6 8. Nd5 Nge7 9. Nc2 O-O 10. a3 a5 11. Rb1 a4 {[%emt 0:09:04] A37: Symmetrical English vs ...g6: 4 Bg2 Bg7 5 Nf3.} 12. Nce3 Nd4 (12... f5 $142) 13. Nxe7+ $11 Qxe7 {[%emt 0:00:05] White has an edge.} 14. Nd5 Bxd5 15. Bxd5 Nb3 16. d3 Kh8 {[%emt 0:05:18] [#]} 17. Bd2 $146 ({Predecessor:} 17. e4 f5 18. exf5 Rxf5 19. Be4 Rf7 20. Be3 Qf8 21. Qg4 Bh6 22. Bd5 Rf5 23. Be4 {½-½ (43) Mikrut,D (2369)-Skalski,M (2204) Poraj 2003}) 17... f5 18. e3 Qd7 19. Bc3 Rab8 20. Qe2 Rbe8 21. Rbe1 b5 22. Qd1 Rb8 23. cxb5 $1 Qxb5 24. f4 Qd7 25. h4 Rfe8 {[%emt 0:01:59] Weighted Error Value: White=0.08 (flawless) /Black=0.13 (very precise)} ({Black should play} 25... exf4 $11 26. gxf4 Bxc3 27. bxc3 Qe7) 1/2-1/2

[Event "Ceske Budejovice IM 2022"]
[Site "Ceske Budejovice"]
[Date "2022.07.06"]
[Round "6.1"]
[White "Gretarsson, Helgi Ass"]
[Black "Bochnicka, Vladimir"]
[Result "1/2-1/2"]
[ECO "A21"]
[WhiteElo "2472"]
[BlackElo "2295"]
[Annotator "TA"]
[PlyCount "132"]
[EventDate "2022.07.01"]
[EventType "tourn"]
[EventCountry "CZE"]
[SourceTitle "playchess.com"]
[Source "ChessBase"]
[SourceQuality "1"]
[TimeControl "40/5400+30:1800+30"]

1. c4 e5 2. Nc3 Bb4 3. Nd5 Be7 4. d4 exd4 5. Qxd4 Nf6 6. Nxe7 {[%emt 0:12:59] A21: English Opening: 1...e5 2 Nc3.} Qxe7 7. Bg5 Nc6 8. Qc3 Ne4 9. Bxe7 Nxc3 {[%emt 0:00:05] Pair of Knights!} 10. Ba3 Ne4 11. f3 Nf6 12. e4 d6 13. Ne2 {[%emt 0:00:34] [#]} Bd7 $146 ({Predecessor:} 13... Be6 14. Nc3 O-O-O 15. O-O-O Nd7 16. b3 g5 17. Bd3 Nde5 18. Bc2 h5 19. h4 gxh4 20. Rxh4 {1-0 (53) Landa,K (2621)-Engel,L (2519) Germany 2020}) 14. O-O-O O-O-O 15. b3 Ng8 16. g4 Nge7 17. Ng3 Ne5 18. Be2 g5 19. c5 dxc5 20. Bxc5 N7c6 21. Kb2 Ng6 22. Nh5 Be6 23. Be3 h6 24. Kc3 a6 25. h3 Rxd1 26. Rxd1 Nce7 (26... Bd7 $14) 27. Bd4 {[%emt 0:01:25] And now f4 would win. White is more active.} Rd8 28. Rd2 Rd6 29. Bg7 {[%emt 0:00:40] Threatens to win with Rxd6.} (29. Bd1 {looks sharper.} Bd7 30. Bg7 Ng8 31. Bc2) 29... Rxd2 30. Kxd2 Ng8 31. Ke3 Kd7 32. f4 gxf4+ 33. Nxf4 Ke7 34. e5 c5 35. Nh5 Bd5 36. Bd3 Ke6 (36... b5 $142 37. Nf4 Nxf4 38. Kxf4 Be6) 37. Bf5+ Ke7 38. Nf6 Nxf6 39. exf6+ $18 {[%emt 0:00:06][%mdl 4096] Endgame KBB-KBN} Kd6 40. Bxh6 {[%emt 0:00:16] aiming for Bf4+.} Ke5 {[%emt 0:01:06] Inhibits Bf4+.} 41. Bg5 {[%emt 0:03:51] Against Nh4} Nf8 42. h4 {[%emt 0:06:23] Strongly threatening Bh6.} Ne6 43. Bh6 {[%emt 0:08:43] Hoping for h5.} Kxf6 44. Bb1 Ke5 45. g5 f5 $2 (45... f6) 46. h5 f4+ 47. Kf2 f3 {[%emt 0:00:04] [#]} 48. Bg7+ $1 Kf4 {[%emt 0:00:05] [#]} (48... Nxg7 49. h6) 49. g6 $1 Ng5 (49... Nxg7 50. h6) 50. h6 Bc6 51. a4 ({Inferior is} 51. h7 Nh3+ 52. Kf1 Bb5+ 53. Ke1 f2+ 54. Kd2 f1=Q $11) 51... Be4 {[%emt 0:00:34] [#]} 52. Be5+ $1 Kxe5 (52... Kg4 53. Bxe4) 53. h7 (53. Bxe4 $142 Nxe4+ 54. Kxf3) 53... Nxh7 {[%emt 0:00:10] [#]} 54. Bxe4 $1 {[%emt 0:01:59] KB-KN} ({Worse is} 54. gxh7 Bxh7 55. Bxh7 Kd4 $11) 54... Ng5 (54... Nf6 $142 55. Bxb7 a5 56. Kxf3 Kf5) 55. Bxb7 {[%emt 0:00:13] Threatening mate with g7.} Kf6 56. Bxa6 {[%emt 0:00:40] White wants to mate with Bd3.} Kxg6 57. Bb7 Ne6 58. a5 Nd4 59. a6 Nb5 60. Kxf3 $2 (60. Bc6 {mates} Na7 61. Bxf3 Kf6 62. Ke3 Ke7 63. Kd3 Kd6 64. Kc4 Kc7 65. Kxc5) 60... Kf5 $11 {[%emt 0:00:28] The position is equal.} 61. Ke3 {[%emt 0:05:09] White threatens Kd3 and mate.} Ke5 62. Kd3 (62. Bc6 $5 Na7 63. Be8 $11) 62... Kd6 63. b4 cxb4 64. Kc4 Nc7 65. a7 b3 $1 66. Kxb3 {[%emt 0:01:07] Intending Kc4 and mate.} Ke5 $2 {[%mdl 40960] Weighted Error Value: White=0.36/Black=0.28 (precise) . An unexpected result.} (66... Kc5 $11) 1/2-1/2

[Event "Ceske Budejovice IM 2022"]
[Site "Ceske Budejovice"]
[Date "2022.07.06"]
[Round "6.2"]
[White "Dev, Shah"]
[Black "Svanda, Ondrej"]
[Result "0-1"]
[ECO "E46"]
[WhiteElo "2292"]
[BlackElo "2363"]
[Annotator "TA"]
[PlyCount "68"]
[EventDate "2022.07.01"]
[EventType "tourn"]
[EventCountry "CZE"]
[SourceTitle "playchess.com"]
[Source "ChessBase"]
[SourceQuality "1"]
[TimeControl "40/5400+30:1800+30"]

1. d4 Nf6 2. c4 e6 3. Nc3 Bb4 4. e3 O-O 5. Bd2 d5 6. Nf3 b6 7. cxd5 exd5 8. Ne5 {[%emt 0:02:00] E51: Nimzo-Indian: Rubinstein: 4...0-0 5 Nf3 d5.} Bb7 9. Bd3 Re8 10. O-O {[%emt 0:01:06] The position is equal.} Bf8 11. f4 c5 $1 12. Be1 Nc6 {[%emt 0:18:45] [#]} 13. Bh4 $146 ({Predecessor:} 13. Bb5 Re6 14. Bh4 cxd4 15. Bxc6 Bxc6 16. exd4 Bb7 17. f5 Re8 18. Qf3 Be7 19. Qh3 {0-1 (42) Shankland,S (2709)-Caruana,F (2806) Saint Louis 2021}) 13... cxd4 14. Bxf6 (14. exd4 $11 Nxd4 15. Rc1) 14... Qxf6 $15 15. Nxd5 Qh6 16. Ng4 {[%emt 0:11:58] This move loses the game for White.} (16. Bc4 $1 $15 Na5 17. Nf6+ (17. Qxd4 Bc5 $17) 17... gxf6 18. Nxf7) 16... Qd6 $19 17. e4 {[%emt 0:03:35] [#]} f5 $1 18. Qb3 (18. Nf2 {keeps fighting.} Na5 19. Qh5) 18... Kh8 19. e5 Qe6 {[%emt 0:01:46] ...Na5 is the strong threat.} 20. Nc7 Qxb3 21. axb3 fxg4 22. Nxe8 Rxe8 23. Bf5 a5 24. Bxg4 Nb4 25. Bd7 Rd8 26. e6 Bc8 27. Bxc8 Rxc8 28. f5 Bc5 29. f6 $2 (29. Kf2) 29... d3+ {[%emt 0:00:50][%cal Bd4d3,Bd3d2][%mdl 32] Black is clearly winning.} 30. Kh1 gxf6 31. Rxf6 Be7 32. Rf7 {[%emt 0:00:55] [#]} d2 $1 33. Rd1 (33. Rff1 Nc2) 33... Rc1 34. Rff1 Nd3 {[%emt 0:00:08] Weighted Error Value: White=0.73/Black=0.13 (very precise)} 0-1

[Event "Ceske Budejovice IM 2022"]
[Site "Ceske Budejovice"]
[Date "2022.07.06"]
[Round "6.3"]
[White "Nagy, Ladislav"]
[Black "Plischki, Sebastian"]
[Result "0-1"]
[ECO "B74"]
[WhiteElo "2209"]
[BlackElo "2384"]
[Annotator "TA"]
[PlyCount "90"]
[EventDate "2022.07.01"]
[EventType "tourn"]
[EventCountry "CZE"]
[SourceTitle "playchess.com"]
[Source "ChessBase"]
[SourceQuality "1"]
[TimeControl "40/5400+30:1800+30"]

1. e4 c5 2. Nf3 d6 3. d4 cxd4 4. Nxd4 Nf6 5. Nc3 Nc6 6. Be2 g6 7. Be3 Bg7 8. O-O O-O 9. Nb3 Be6 10. f4 Rc8 $1 {[%emt 0:02:16][%mdl 4] is more profitable than 10...Qc8 at the moment.} 11. Kh1 a6 {[%emt 0:05:06] B74: Sicilian Dragon: Classical System with 9 Nb3.} 12. Nd4 Nxd4 13. Bxd4 Qa5 {[%emt 0:05:17] The position is equal.} 14. Bf3 {[%emt 0:06:32] [#]} Rc4 $146 ({Predecessor:} 14... Rfd8 15. Nd5 Nxd5 16. Bxg7 Ne3 17. Qd3 Kxg7 18. Qxe3 Rxc2 19. f5 Bd7 20. Qb3 Rc7 {1-0 (58) Rodrigues,L (2145)-Khaje Hesamedini,A (2249) Sao Paulo 2016}) 15. Ne2 b5 16. c3 Re8 (16... Bg4 $11) 17. Ng3 b4 18. b3 Rxc3 19. Bxc3 bxc3 20. h3 Rc8 {[%emt 0:02:15][%mdl 1024] Threatens to win with ...c2. Black has compensation.} 21. Qc2 Qc5 22. Be2 a5 23. Rad1 a4 24. bxa4 Qa3 ({Black should play} 24... Nd7 $11) 25. Ra1 (25. Rc1 $14) 25... Nd7 $11 26. f5 (26. Ba6 $11 Ra8 27. Bb5) 26... Bc4 $17 {[%emt 0:00:20] Black is more active. Black keeps a firm grip on the game.} 27. fxg6 hxg6 28. Bxc4 Rxc4 29. Qb3 ({But not} 29. Qf2 $2 Ne5 30. a5 Qxa5 $19) (29. Rac1 $17) 29... Qxa4 $19 30. Qxa4 (30. Rac1 $142) 30... Rxa4 31. Rf2 Be5 32. Ne2 Nc5 33. Rf3 Nxe4 {[%emt 0:00:44] And now ...c2 would win.} 34. a3 (34. Rc1 $142) 34... d5 35. Kg1 d4 36. Nc1 Nc5 {[%emt 0:00:41] Inhibits Nb3.} 37. Nd3 (37. Ra2 $142) 37... Nxd3 38. Rxd3 {[%emt 0:00:02][%mdl 4096] Endgame KRR-KRB} Bd6 39. Ra2 e5 40. Rd1 e4 41. Kf2 d3 42. Ke3 Bc5+ {[%emt 0:00:00] Black mates.} 43. Kf4 c2 44. Rda1 e3+ 45. Kf3 e2 {[%emt 0:00:00] Weighted Error Value: White=0.82/Black=0.22 (precise)} 0-1

[Event "Ceske Budejovice IM 2022"]
[Site "Ceske Budejovice"]
[Date "2022.07.06"]
[Round "6.4"]
[White "Mirzoev, Azer"]
[Black "Civin, Tomas"]
[Result "1-0"]
[ECO "D30"]
[WhiteElo "2424"]
[BlackElo "2419"]
[Annotator "TA"]
[PlyCount "119"]
[EventDate "2022.07.01"]
[EventType "tourn"]
[EventCountry "CZE"]
[SourceTitle "playchess.com"]
[Source "ChessBase"]
[SourceQuality "1"]
[TimeControl "40/5400+30:1800+30"]

1. d4 d5 2. c4 e6 3. Nf3 dxc4 4. Qa4+ Nd7 5. g3 Ngf6 6. Bg2 c5 7. Qxc4 Nb6 8. Qd3 Be7 {[%emt 0:03:02] E03: Open Catalan: 5 Qa4+ Nbd7 6 Qxc4.} 9. O-O O-O 10. Nc3 cxd4 {[%emt 0:03:45] White is slightly better.} 11. Nxd4 Nbd5 12. Nxd5 Nxd5 13. Rd1 Bf6 14. Nf3 {[%emt 0:12:46] [#]} Qb6 $146 ({Predecessor:} 14... Nb6 15. Qxd8 Rxd8 16. Bg5 Bd7 17. Bxf6 gxf6 18. Nd4 Rab8 19. b3 Rdc8 20. f4 Rc7 21. Kf2 Rbc8 {1-0 (38) Barber,P (2218)-Kuerten,D (2086) ICCF email 2009}) 15. e4 Nb4 16. Qe2 $36 {[%emt 0:00:05][%mdl 2048] White has some pressure.} e5 17. Be3 Qa6 18. Qxa6 Nxa6 19. Rac1 Be6 20. a3 h6 21. Bf1 Bg4 {[%emt 0:04:56] [#]} ({Better is} 21... Rfc8 $1 $14) 22. Kg2 $1 $16 {[%emt 0:01:45][%cal Bg1g2,Bg2f3,Bf3g4,Bg4f5,Bf5e6,Be6e7][%mdl 32] White is more active.} Bg5 (22... Be6 $16 {keeps fighting.} 23. Rc3 g5) 23. Bxg5 $18 (23. Nxg5 $6 Bxd1 24. Nxf7 (24. Rxd1 hxg5 25. Rd7 Rab8 $11) 24... Kxf7 $11) 23... hxg5 24. h3 Bxf3+ 25. Kxf3 Rfd8 (25... Rfc8 $142 26. Rxc8+ Rxc8) 26. b4 ({White should try} 26. Rxd8+ $18 Rxd8 27. b4) 26... Rxd1 $16 27. Rxd1 {[%emt 0:00:08][%mdl 4096] Endgame Hoping for Rd7. KRB-KRN} Rc8 28. Kg4 f6 29. Rd7 Nc7 $2 (29... Rc7 30. Rd8+ Kf7) 30. Kf5 $18 Kh7 31. a4 {[%emt 0:02:13] Prevents b5.} Ne8 $2 (31... b5 {was worth a try.} 32. axb5 Kh6) 32. Ke6 {[%emt 0:01:10] White is clearly winning.} Rc1 33. Bd3 Nc7+ 34. Ke7 b6 (34... g4 $142) 35. b5 Rc3 36. Rd6 Kg6 37. Rc6 Rxd3 38. Rxc7 {[%emt 0:00:04] KR-KR} Rd4 39. Rxa7 {[%emt 0:00:11] aiming for a5.} Rxe4 40. Kd6 (40. a5 bxa5 41. Kd6 (41. Rxa5 Rb4 $16) 41... g4 $18) 40... Rc4 (40... Re2 $142 41. Kc7 (41. Kc6 f5 $16) 41... Rxf2) 41. a5 bxa5 42. b6 a4 43. b7 Rb4 44. Kc6 Kf5 {[%emt 0:01:39] [#]} 45. Rxa4 $3 Rxa4 46. b8=Q {[%emt 0:00:10] Threatening mate with Qb1+. KQ-KR} Rd4 47. Qb1+ Ke6 48. Qg6 Rd6+ 49. Kc5 {[%emt 0:00:00] Qe8+ would kill now.} Rd5+ 50. Kc4 Rd7 51. Kc3 Ra7 52. Kd3 Ra3+ 53. Ke2 {[%emt 0:00:00] Threatens to win with Qe8+.} Ra2+ 54. Kf3 {[%emt 0:00:00] Qe8+ is the strong threat.} Ra3+ 55. Kg4 {[%emt 0:00:00] White threatens Qe8+ and mate.} Ra4+ 56. Kh5 {[%emt 0:00:00] White wants to mate with Qe8+.} Ra2 57. Qe8+ Kd6 58. Qd8+ Kc6 59. Qc8+ Kd6 60. Qb7 {[%emt 0:00:00] Weighted Error Value: White=0.25 (precise) /Black=0.34} 1-0

[Event "Ceske Budejovice IM 2022"]
[Site "Ceske Budejovice"]
[Date "2022.07.06"]
[Round "6.5"]
[White "Lajbl, Jan"]
[Black "Finek, Vaclav"]
[Result "0-1"]
[ECO "B27"]
[WhiteElo "2212"]
[BlackElo "2393"]
[Annotator "TA"]
[PlyCount "96"]
[EventDate "2022.07.01"]
[EventType "tourn"]
[EventCountry "CZE"]
[SourceTitle "playchess.com"]
[Source "ChessBase"]
[SourceQuality "1"]
[TimeControl "40/5400+30:1800+30"]

1. e4 c5 2. Nf3 g6 3. c3 Bg7 4. d4 cxd4 5. cxd4 d5 6. e5 Nc6 7. Bb5 {[%emt 0:00:30] is more profitable than 7.Nc3 at the moment. B27: Sicilian: 2 Nf3, unusual Black 2nd moves.} Bg4 8. Bxc6+ bxc6 9. O-O {[%emt 0:00:57] White is slightly better.} Qb6 10. Nbd2 Nh6 11. h3 Bxf3 12. Nxf3 O-O 13. b3 f6 14. exf6 ({White should play} 14. Bf4 $16) 14... exf6 $11 15. Ba3 Rfe8 {[%emt 0:00:14] [#]} 16. Qc2 $146 ({Predecessor:} 16. Bc5 Qa6 17. Re1 Nf7 18. Qd2 Bh6 19. Qb4 Bf4 20. Be7 Rab8 21. Qc3 Nd6 22. Bxd6 Bxd6 23. Rxe8+ Rxe8 24. Rc1 Re6 25. g3 Bf8 26. Rc2 Qb5 27. Kg2 {½-½ (27) Casper,T (2420)-Haensel,T (2260) Germany 1999}) 16... Qa6 17. Bc5 Re2 18. Qc3 Rae8 19. Rfe1 Bf8 20. Rxe2 Rxe2 21. a4 Nf5 22. Rc1 Bh6 23. Qb4 {[%emt 0:05:49] [#] And now Qb8+ would win.} Qc8 {[%emt 0:01:46] Inhibits Qb8.} (23... Bxc1 $2 24. Qb8+ Kf7 25. Qf8+ Ke6 26. Qe8+ Ne7 27. Qxe7+ Kf5 28. Nh4+ (28. g4+ Kf4 $11) 28... Kg5 29. f4+ Kxf4 30. Bd6+ (30. Qxf6+ Ke3 $16) 30... Re5 31. dxe5 $18) 24. Ra1 a6 25. Kf1 Re4 26. Re1 Bf4 27. g4 Ng7 28. Bd6 $2 (28. Rxe4 $14 {stays ahead.} dxe4 29. Qc4+ Qe6 30. Ne1) 28... a5 29. Qa3 h5 (29... Rxe1+ $17 30. Nxe1 Qa6+ 31. Kg1 Qe2 32. Bxf4 Qxe1+ 33. Kg2 Qe4+ 34. Kg3 g5) 30. Bxf4 Rxf4 31. Nh2 Qa6+ ({Don't play} 31... hxg4 32. Nxg4 Rxg4 33. hxg4 $16) 32. Kg2 Qd3 {[%emt 0:00:15] aiming for ...hxg4.} (32... Rxd4 33. Qe7 Re4 34. Rxe4 dxe4 35. Qxf6 $16) 33. Qe7 Qxd4 {[%emt 0:01:01] Really sharp!} 34. Re3 Re4 35. Qd8+ Kh7 36. Rf3 (36. Nf3 $11 Qa1 37. gxh5 Rxe3 38. hxg6+ Kxg6 39. fxe3) 36... f5 {[%emt 0:00:19] ...Ne6 is the strong threat.} ({And not} 36... hxg4 37. Nxg4 Rxg4+ 38. hxg4 Qxg4+ 39. Rg3 Qe4+ 40. Kh2 $11) 37. Qxa5 $2 {[%emt 0:00:44] Now White is beyond hope.} (37. gxh5 $17 {is a better defense.} Nxh5 38. Nf1) 37... Ne6 $19 ({But not} 37... fxg4 $2 38. hxg4 Ne6 39. gxh5 gxh5 40. Kg1) 38. gxf5 (38. gxh5 {is the only way for White.} Nf4+ 39. Rxf4 Rxf4 40. Nf3) 38... Nf4+ 39. Rxf4 Rxf4 {[%emt 0:00:24][%cal Be4f4,Bf4f5,Bf5g5,Bg5e5][%mdl 4128] Endgame KQR-KQN} 40. Qc7+ (40. Qe1 $142 gxf5 41. f3) 40... Kh6 41. f3 Rxf5 {[%emt 0:01:19] [#] ( -> ...Qb2+)} 42. Qe7 Rg5+ {[%emt 0:12:50] Black mates.} 43. Ng4+ hxg4 44. hxg4 Re5 45. Qf8+ Kg5 46. Qd8+ Kf4 47. Qf6+ Ke3 48. Kg3 g5 {[%emt 0:02:11] Weighted Error Value: White=0.46/Black=0.11 (very precise)} 0-1

[Event "Ceske Budejovice IM 2022"]
[Site "Ceske Budejovice"]
[Date "2022.07.07"]
[Round "7.1"]
[White "Finek, Vaclav"]
[Black "Gretarsson, Helgi Ass"]
[Result "1/2-1/2"]
[ECO "A46"]
[WhiteElo "2393"]
[BlackElo "2472"]
[Annotator "TA"]
[PlyCount "47"]
[EventDate "2022.07.01"]
[EventType "tourn"]
[EventCountry "CZE"]
[SourceTitle "playchess.com"]
[Source "ChessBase"]
[SourceQuality "1"]
[TimeControl "40/5400+30:1800+30"]

1. d4 Nf6 2. Nf3 e6 3. g3 b5 4. Bg2 Bb7 5. O-O c5 6. Na3 {[%emt 0:00:16][%cal Bb1a3,Ba3c4,Bc4e5][%mdl 32] A46: 1 d4 Nf6 2 Nf3 e6: Torre, London and Colle Systems.} b4 7. Nc4 d5 8. Nce5 {[%emt 0:00:05] [#] Strongly threatening Ng5.} Nbd7 9. c4 bxc3 10. bxc3 Be7 11. Rb1 Qc8 12. Ba3 O-O 13. Qc2 Nb6 {[%emt 0:10:44] [#]} 14. Rfc1 $146 ({Predecessor:} 14. Nd2 Re8 15. Rfc1 Ba6 16. Qd1 Rb8 17. c4 Bxc4 18. Ndxc4 Nxc4 19. Rxb8 Qxb8 20. Nxc4 dxc4 21. Bxc5 Bxc5 22. dxc5 {1-0 (33) Teterev,V (2536)-Lomako,P (2361) Minsk 2013}) 14... Qc7 15. e3 Ba6 16. Qd1 Rac8 (16... Ne4 $5 17. c4 Bxc4 $15) 17. Ne1 (17. Nd2 $5 ) 17... Nc4 (17... Nfd7 $15 18. Nxd7 Qxd7) 18. Qa4 $11 {[%emt 0:03:36] The position is equal.} Nxa3 (18... Nxe5 $2 19. dxe5 Bc4 20. exf6 $18) 19. Qxa3 Be2 {[%emt 0:00:03] [#] ...cxd4 is the strong threat.} 20. Qb2 Ba6 21. Qa3 $1 {[%emt 0:00:08] Prevents Qa5.} Be2 {[%emt 0:00:05] Threatens to win with ...cxd4.} 22. Qb2 Ba6 23. Qa3 $1 {[%emt 0:00:43] Inhibits Qa5.} Be2 {[%emt 0:00:05] White must now prevent ...cxd4.} 24. Qb2 {[%emt 0:00:25] Weighted Error Value: White=0.11 (very precise) /Black=0.08 (flawless)} 1/2-1/2